 Dungeon Crawl Stone Soup version 0.24-a0-464-g6b2be6b (webtiles) character file.

Game seed: 14583955659280727184

251 sudoninja17 the Ruffian (level 5, 0/78 HPs)
             Began as a Troll Berserker on July 3, 2019.
             Was a Believer of Trog.
             Slain by an orc
             ... wielding a +0 flail
              (6 damage)
             ... on level 3 of the Dungeon.
             The game lasted 00:02:43 (689 turns).

sudoninja17 the Ruffian (Troll Berserker)            Turns: 689, Time: 00:02:43

Health: 0/78       AC:  6    Str: 31    XL:     5   Next: 88%
Magic:  4/4        EV: 10    Int:  3    God:    Trog [**....]
Gold:   96         SH:  0    Dex:  9    Spells: 4/4 levels left

rFire    x x .     SeeInvis .     - Unarmed
rCold    + + .     Gourm    +   (no shield)
rNeg     . . .     Faith    .   a - +0 animal skin
rPois    .         Spirit   .   (helmet restricted)
rElec    .         Reflect  .   (no cloak)
rCorr    .         Harm     .   (gloves unavailable)
MR       .....                  (boots unavailable)
Stlth    ..........             (no amulet)
HPRegen  0.63/turn              c - ring of ice
MPRegen  0.09/turn              d - ring of ice

@: berserking, very quick
A: large, unfitting armour, claws 3, fast metabolism 3, gourmand, regeneration
1, shaggy fur 1, tough skin 3
a: Berserk, Trog's Hand, Renounce Religion


You were on level 3 of the Dungeon.
You worshipped Trog.
Trog was pleased with you.
You were not hungry.

You visited 1 branch of the dungeon, and saw 3 of its levels.

You collected 96 gold pieces.

Inventory:

Armour
 a - a +0 animal skin (worn)
Jewellery
 c - a ring of ice (left claw)
 d - a ring of ice (right claw)
Scrolls
 f - a scroll of random uselessness {unknown}
 g - a scroll of noise {unknown}
Potions
 e - a potion of heal wounds {unknown}
Comestibles
 b - 3 rations


   Skills:
 + Level 2.9 Fighting
 + Level 2.9 Dodging
 + Level 6.0 Unarmed Combat


You had 4 spell levels left.
You didn't know any spells.
Your spell library was empty.

Dungeon Overview and Level Annotations

Branches:
Dungeon (3/15)

Altars:


Innate Abilities, Weirdness & Mutations

You are too large for most types of armour.
You have claws for hands.
Your metabolism is lightning-fast.
You like to eat raw meat.
Your natural rate of healing is unusually fast.
You are covered in fur. (AC +1)
You have extremely tough skin. (AC +3)


Message History

The orc warrior is almost dead.
The orc hits you but does no damage.
The orc wizard hits you with a cursed -3 dagger.
* * * LOW HITPOINT WARNING * * *
You barely miss the orc warrior.
The orc warrior is almost dead.
The giant cockroach closely misses you. The orc warrior barely misses you.
The orc roars loudly.
The orc hits you with a +0 flail.
* * * LOW HITPOINT WARNING * * *
The orc wizard miscasts a cantrip.
You mangle the orc warrior!!
You kill the orc warrior!
Trog accepts your kill.
Your Unarmed Combat skill increases to level 6!
The orc hits you with a +0 club.
* * * LOW HITPOINT WARNING * * *
The giant cockroach closely misses you. The orc wizard barely misses you.
The orc hits you with a +0 flail.
You die...

#...#.#...........
#.....#.........
#...............
########...#.##........
+#............###.......
...........>#...#.......
..[...oo..#.#.#.#.......
......o...#.#.#.#.......
......s@..###.#.#.......
.........## #...#.......
.........# #####.......
.........# ##+###..
.........# #.#
.........# #.<
..######## #...... ##
######. ##


You could see an orc wizard, 2 orcs and a giant cockroach.

Vanquished Creatures
  An orc warrior (D:3)
  Natasha (twice) (D:2)
  4 adders (D:2)
  An ooze (D:2)
  4 worms (D:2)
  A dart slug (D:2)
  2 leopard geckos (D:2)
  2 orcs (D:3)
  2 ball pythons (D:2)
  4 giant cockroaches
  3 goblins
  4 hobgoblins
  3 jackals (D:1)
  4 kobolds
  A quokka (D:2)
  5 bats (D:2)
  3 frilled lizards
  6 rats
52 creatures vanquished.

Notes
Turn   | Place    | Note
-------+----------+-------------------------------------------
     0 | D:1      | sudoninja17 the Troll Berserker began the quest for the
                  | Orb.
     0 | D:1      | Reached XP level 1. HP: 22/22 MP: 0/0
    76 | D:1      | Reached XP level 2. HP: 29/29 MP: 1/1
   199 | D:2      | Reached skill level 4 in Unarmed Combat
   217 | D:2      | Reached XP level 3. HP: 33/36 MP: 2/2
   289 | D:2      | Reached ** piety under Trog
   389 | D:2      | Noticed Natasha
   403 | D:2      | Killed Natasha
   403 | D:2      | Reached skill level 5 in Unarmed Combat
   403 | D:2      | Reached XP level 4. HP: 40/44 MP: 3/3
   410 | D:2      | Noticed Natasha
   422 | D:2      | Killed Natasha
   595 | D:2      | Reached XP level 5. HP: 50/50 MP: 4/4
   673 | D:3      | Noticed an orc warrior
   688 | D:3      | Killed an orc warrior
   688 | D:3      | Reached skill level 6 in Unarmed Combat
   689 | D:3      | Slain by an orc

Levels and vault maps discovered:
D:1:      nzn_arrival_crosshair, layout_basic
D:2:      wander_river, layout_basic, minmay_misc_feat_x,
          minmay_randomly_rotated_circles, uniq_natasha
D:3:      layout_basic, first_ration

Skill      XL: |  1  2  3  4  5 |
---------------+----------------+-----
Unarmed Combat | 4 5 6 |  6.0
Fighting       | |  2.9
Dodging        | |  2.9

Action                   |  1- 3 |  4- 6 || total
-------------------------+-------+-------++-------
Melee: Unarmed           |    62 |    61 ||   123
       Punch             |     2 |       ||     2
Invok: Berserk           |     1 |     1 ||     2
       Trog's Hand       |     1 |       ||     1
  Eat: Chunk             |     1 |     6 ||     7
Armor: Animal skin       |    30 |    33 ||    63
Dodge: Dodged            |    37 |    35 ||    72

Table legend:
 A = Non-vault XP
 B = Vault XP
 C = Vault XP percentage of total XP
 D = Non-vault monster count
 E = Vault monster count
 F = Vault count percentage of total count
                 A         B        C        D         E       F
            +---------+---------+-------+---------+---------+-------
      Total |     295 |      64 |  17.8 |      45 |       7 |  13.5
            +---------+---------+-------+---------+---------+-------
        D:1 |      18 |       0 |   0.0 |      10 |       0 |   0.0
        D:2 |     135 |      64 |  32.2 |      32 |       7 |  17.9
        D:3 |     142 |       0 |   0.0 |       3 |       0 |   0.0
            +---------+---------+-------+---------+---------+-------
